 Dungeon Crawl Stone Soup version 0.30-a0-622-gddc90eaa04 (webtiles) character file.

Game seed: 13623762541733394925

1591 Vylera the Thaumaturge (level 9, -2/55 HPs)
             Began as a Djinni Fire Elementalist on Jan 10, 2023.
             Was an Initiate of Yredelemnul.
             Slain by an orc warrior
             ... wielding a +1 dire flail of holy wrath
              (15 damage)
             ... on level 6 of the Dungeon.
             The game lasted 00:18:31 (5472 turns).

Vylera the Thaumaturge (Djinni Fire Elementalist)   Turns: 5472, Time: 00:18:31

Health: -2/55      AC:  9    Str: 11    XL:     9   Next: 15%
Gold:   214        EV: 13    Int: 21    God:    Yredelemnul [......] SH:  0 Dex: 18

rFire   + + .      SeeInvis +    q - +3 mace "Aplo" {freeze, Str+4 Dex+4 SInv}
rCold   . . .      Faith    .    (no shield)
rNeg    . . .      Spirit   .    E - +2 robe {Will+}
rPois   ∞          Reflect  .    (no helmet)
rElec   .          Harm     .    C - +0 cloak
rCorr   .          Rampage  .    (no gloves)
Will    +....                    (boots unavailable)
Stlth   ++                       K - amulet of regeneration
HPRegen 1.09/turn                I - ring of protection from cold
MPRegen 0.00/turn                A - +4 ring of protection

@: flying
A: sickness immunity, fire resistance 2, cold vulnerability 1, float, innate
caster, HP casting, extra vitality 1
a: Renounce Religion, Recall Undead Harvest


You were on level 6 of the Dungeon.
You worshipped Yredelemnul.
Yredelemnul was noncommittal.
You visited 1 branch of the dungeon, and saw 6 of its levels.
You also visited: Sewer.

You collected 214 gold pieces.

Inventory:

Hand Weapons
 d - a +0 dagger
 j - a +1 quarterstaff
 q - the +3 mace "Aplo" (weapon) {freeze, Str+4 Dex+4 SInv}
   (You found it on level 2 of the Dungeon)

   Str:       It affects your strength (+4).
   Dex:       It affects your dexterity (+4).
   SInv:      It lets you see invisible.
 B - a +4 quarterstaff of chaos
 F - a +5 dagger of venom
Missiles
 e - 4 poisoned darts
 h - 6 atropa-tipped darts
 w - 2 throwing nets
Armour
 a - a +0 robe
 r - a +0 buckler
 C - a +0 cloak (worn)
 E - a +2 robe of willpower (worn)
 J - a +2 robe of cold resistance
Jewellery
 p - a ring of positive energy
 v - an amulet of reflection
 A - a +4 ring of protection (right hand)
 I - a ring of protection from cold (left hand)
 K - an amulet of regeneration (around neck)
 L - a +6 ring of intelligence
 M - a ring of positive energy
Wands
 N - a wand of flame (9)
Scrolls
 g - 2 scrolls of immolation
 i - 2 scrolls of identify
 k - 2 scrolls of poison
 l - a scroll of enchant armour {unknown}
 m - 3 scrolls of fog
 s - 2 scrolls of amnesia
 t - 3 scrolls of enchant weapon
 y - a scroll of noise {unknown}
 H - a scroll of teleportation {unknown}
Potions
 b - 2 potions of magic
 c - 3 potions of attraction {unknown}
 f - 4 potions of heal wounds {unknown}
 n - 3 potions of lignification {unknown}
 o - 2 potions of curing {unknown}
 u - a potion of brilliance {unknown}
 x - a potion of haste {unknown}
 z - a potion of berserk rage {unknown}
 D - a potion of mutation {unknown}
 G - 2 potions of flight {unknown}


   Skills:
 - Level 2.7 Dodging
 - Level 2.0 Stealth
 + Level 8.6 Spellcasting


You had 2 spell levels left.
You knew the following spells:

 Your Spells              Type           Power      Damage    Failure   Level
a - Foxfire               Conj/Fire      100%       2x1d9     1%          1
b - Scorch                Fire           90%        2d10      1%          2
c - Kindle Blastsparks    Fire/Tloc/Air  90%        2d17      1%          3
d - Inner Flame           Hex/Fire       45%        N/A       1%          3
e - Flame Wave            Conj/Fire      45%        2d12      2%          4
f - Magic Dart            Conj           100%       1d8       1%          1
g - Searing Ray           Conj           90%        2d7       1%          2
h - Portal Projectile     Hex/Tloc       90%        N/A       1%          3
i - Summon Lightning Spi  Summ/Air       45%        N/A       2%          4
Your spell library was empty.

Dungeon Overview and Level Annotations

Branches:
Dungeon (6/15)             Temple (0/1) D:4           Sewer (visited)

Altars:
Ashenzari
Cheibriados
Fedhas
Hepliaklqana
Nemelex Xobeh
Wu Jian
Yredelemnul

Shops:
D:3 (   D:4 (   D:5 =


Innate Abilities, Weirdness & Mutations

You are immune to sickness and miasma.
You are immune to poison.
Your flesh is very heat resistant. (rF++)
You are vulnerable to cold. (rC-)
You float through the air rather than walking.
You learn spells naturally, not from books.
Your magical power is your life essence.
You have superior vitality. (+4 MHP)


Message History

The searing ray hits the orc wizard.
The orc wizard is moderately wounded.
The orc priest hits you but does no damage.
Unknown command.
The searing ray hits the orc priest!
The orc priest is almost dead.
The searing ray hits the orc warrior.
The orc warrior is severely wounded.
The orc priest mumbles some strange prayers to Beogh against you.
You easily resist.
The searing ray hits the orc priest.
You kill the orc priest!
The searing ray misses the orc warrior.
You finish channelling your searing ray.
The orc warrior is no longer more vulnerable to fire.
Casting: Searing Ray (safe; 1% risk of failure)
Confirm with . or Enter, or press ? or * to list all spells.
Aiming: Searing Ray (safe; 1% risk of failure)
Press: ? - help, Shift-Dir - straight line, f/p - orc warrior
Aim: an orc warrior, wielding a +1 dire flail of holy wrath and wearing a +0 plate armour (severely wounded, 82% to hit)
The searing ray hits the orc warrior.
The orc warrior is almost dead. (Press . to maintain the ray.)
The orc warrior hits you with a +1 dire flail of holy wrath!
The searing ray hits the orc warrior but does no damage.
The orc warrior is almost dead.
The searing ray hits the orc wizard.
The orc wizard is moderately wounded.
* * * LOW HITPOINT WARNING * * *
The orc warrior hits you with a +1 dire flail of holy wrath.
* * * LOW HITPOINT WARNING * * *
The searing ray hits the orc warrior but does no damage.
The orc warrior is almost dead.
The searing ray hits the orc wizard.
The orc wizard is severely wounded.
* * * LOW HITPOINT WARNING * * *
Your orc priest zombie hits the orc wizard but does no damage.
The orc warrior hits you with a +1 dire flail of holy wrath!
You die...
Your body rises from the dead as a mindless zombie.

#.........#
.
#.........#
#.........#
#....#...##
####.#...#
#####.#...#
#.....#..##
#.#.....##
#@##### #o#
....$.Zo#
.#.....).
####...)#
#.##.# #.
.. ## ##


You could see an orc warrior, an orc wizard (ally target) and a friendly orc
priest zombie.

Vanquished Creatures
  Menkaure (D:4)
  Pargi (Sewer)
  An ice beast (D:5)
  An orc warrior (D:6)
  2 black bears (D:4)
  2 phantoms
  A necrophage (D:5)
  A gnoll sergeant (D:6)
  A scorpion (D:5)
  2 hounds (D:5)
  4 orc priests
  Crazy Yiuf (D:4)
  A jelly (D:4)
  2 iguanas (D:5)
  4 orc wizards
  6 gnolls
  12 adders
  A shadow imp (D:6)
  2 worms (D:2)
  3 dart slugs
  2 orcs
  6 endoplasms
  3 giant cockroaches
  7 goblins
  9 hobgoblins
  A jackal (D:5)
  A quokka (D:2)
  3 training dummies (D:4)
  4 ball pythons
  3 bats
  9 frilled lizards
  9 kobolds
  4 rats
110 creatures vanquished.

Vanquished Creatures (collateral kills)
  2 adders
  A worm (D:5)
  A goblin (D:4)
  A hobgoblin (D:3)
  3 jackals (D:5)
  A foxfire (D:1)
9 creatures vanquished.

Vanquished Creatures (others)
  A spectral shadow imp (D:6)
  2 gnoll zombies (D:6)
  A hobgoblin zombie (D:4)
  167 foxfires
  5 plants (D:4)
176 creatures vanquished.

Grand Total: 295 creatures vanquished

Notes
Turn   | Place    | Note
-------+----------+-------------------------------------------
     0 | D:1      | Vylera the Djinni Fire Elementalist began the quest for the
                  | Orb.
     0 | D:1      | Vylera set off with the following spells memorised:
                  | Foxfire, Scorch, Kindle Blastsparks, Inner Flame, Flame
                  | Wave.
     0 | D:1      | Reached XP level 1. HP: 15/15 MP: 0/0
   381 | D:1      | Reached XP level 2. HP: 19/21 MP: 0/0
   605 | D:1      | HP: 1/21 [endoplasm (2)]
   606 | D:1      | Reached XP level 3. HP: 2/25 MP: 0/0
   606 | D:1      | Learned a level 1 spell: Magic Dart
  1327 | D:2      | Reached skill level 3 in Spellcasting
  1338 | D:2      | Reached XP level 4. HP: 15/31 MP: 0/0
  1549 | D:2      | Identified the +3 mace "Aplo" {freeze, Str+4 Dex+4 SInv}
  1725 | D:2      | Found a faded altar of an unknown god.
  1729 | D:2      | Prayed at the altar of an unknown god.
  1729 | D:2      | Became a worshipper of Yredelemnul the Dark
  1988 | D:3      | Found a snail-covered altar of Cheibriados.
  2074 | D:3      | Found an ornate altar of the Wu Jian Council.
  2108 | D:3      | Reached XP level 5. HP: 31/35 MP: 0/0
  2108 | D:3      | Learned a level 2 spell: Searing Ray
  2181 | D:3      | Found a hazy altar of Hepliaklqana.
  2217 | D:3      | Reached * piety under Yredelemnul
  2449 | D:3      | Found Teton's Weapon Shoppe.
  2641 | D:4      | Noticed Menkaure
  2646 | D:4      | Killed Menkaure
  2647 | D:4      | Reached skill level 4 in Spellcasting
  2647 | D:4      | Reached XP level 6. HP: 20/40 MP: 0/0
  2731 | D:4      | Found a glowing drain.
  2757 | Sewer    | Entered a sewer
  2783 | Sewer    | Reached skill level 5 in Spellcasting
  2799 | Sewer    | Noticed Pargi
  2811 | Sewer    | Killed Pargi
  2812 | Sewer    | Reached XP level 7. HP: 18/45 MP: 0/0
  2812 | Sewer    | Learned a level 3 spell: Portal Projectile
  3130 | D:4      | Found a runed translucent door.
  3131 | D:4      | Noticed Crazy Yiuf
  3255 | D:4      | Found Jent's Firing Range.
  3330 | D:4      | Reached skill level 6 in Spellcasting
  3546 | D:4      | Found a staircase to the Ecumenical Temple.
  3554 | D:4      | Reached ** piety under Yredelemnul
  3843 | D:4      | Found a broken altar of Ashenzari.
  4134 | D:4      | Found a blossoming altar of Fedhas.
  4268 | D:4      | Killed Crazy Yiuf
  4269 | D:4      | Reached XP level 8. HP: 20/50 MP: 0/0
  4433 | D:5      | Entered Level 5 of the Dungeon
  4468 | D:5      | Reached skill level 7 in Spellcasting
  5021 | D:5      | Reached *** piety under Yredelemnul
  5028 | D:5      | Found Patofor's Jewellery Shop.
  5032 | D:5      | Identified the +2 long sword of Enchanting Misery {holy,
                  | rF+ Int+4}
  5224 | D:6      | Reached skill level 8 in Spellcasting
  5249 | D:6      | Found a sparkling altar of Nemelex Xobeh.
  5387 | D:6      | Reached XP level 9. HP: 12/55 MP: 0/0
  5387 | D:6      | Learned a level 4 spell: Summon Lightning Spire
  5472 | D:6      | Slain by an orc warrior

Illustrated notes

Levels and vault maps discovered:
D:1:      elethiomel_arrival_maze, layout_loops_ring, kennysheep_nondescript,
          st_stairs_10
D:2:      layout_basic, hellmonk_ecumenical_altar_leap_of_faith
D:3:      layout_loops_cross, mainiacjoe_overflow_alcove_2,
          kennysheep_slug_shrine, mainiacjoe_overflow_surrounded_room,
          serial_shops, shop
D:4:      layout_layer_cave, nicolae_ashenzari_skybound, general_overflow_altar,
          minmay_temple_entry_gardened_gates, gup_sewer_entry_glass,
          nicolae_shop_firing_range, uniq_menkaure, uniq_crazy_yiuf_cottage
D:5:      layout_basic, nicolae_inconvenience_store
D:6:      layout_basic, mainiacjoe_overflow_concentric_impassable,
          nicolae_take_the_stairs

Skill      XL: |  1  2  3  4  5  6  7  8 |
---------------+-------------------------+-----
Stealth        | 2 |  2.0
Spellcasting   | 3 4 5 6 8 |  8.6
Dodging        | |  2.7

Action                   |  1- 3 |  4- 6 |  7- 9 || total
-------------------------+-------+-------+-------++-------
Melee: Dagger            |     3 |       |       ||     3
       Unarmed           |     1 |       |       ||     1
       Mace              |       |    13 |    33 ||    46
 Cast: Foxfire           |    43 |    21 |    49 ||   113
       Magic Dart        |    14 |    33 |    22 ||    69
       Searing Ray       |       |     6 |     7 ||    13
       Scorch            |       |       |    50 ||    50
  Use: Scroll            |       |     8 |       ||     8
 Stab: Sleeping          |       |     1 |     1 ||     2
       Distracted        |       |     1 |     1 ||     2
Armor: Robe              |     6 |    10 |    18 ||    34
Dodge: Dodged            |    18 |    30 |    36 ||    84
Block: Other             |       |    11 |     8 ||    19
       Reflection        |       |       |     1 ||     1

Table legend: (Time is in decaauts)
 A = Elapsed time spent in this place.
 B = Non-inter-level travel time spent in this place.
 C = Inter-level travel time spent in this place.
 D = Time resting spent in this place.
 E = Time spent auto-exploring this place.
 F = Levels seen in this place.
 G = Mean time per level.
                   A        B        C        D        E       F      G
               +--------+--------+--------+--------+--------+-----+--------+
         Total |   5485 |   5368 |    117 |      0 |   4413 |   7 |  783.6 |
       Dungeon |   5166 |   5049 |    117 |      0 |   4169 |   6 |  861.0 |
         Sewer |    318 |    318 |      0 |      0 |    244 |   1 |  318.0 |
               +--------+--------+--------+--------+--------+-----+--------+

Top non-repeatable levels by time:
     D:4: 1477 daAuts
     D:1: 991 daAuts
     D:2: 960 daAuts
     D:5: 689 daAuts
     D:3: 689 daAuts
     D:6: 358 daAuts
   Sewer: 318 daAuts
